 Dungeon Crawl Stone Soup version 0.27-a0-1105-g946c659c87 (webtiles) character file.

Game seed: 5442659106336704881

20 DogServant the Ruffian (level 2, -3/23 HPs)
             Began as a Draconian Transmuter on Apr 29, 2021.
             Slain by an adder (5 damage)
             ... on level 2 of the Dungeon.
             The game lasted 00:00:55 (1084 turns).

DogServant the Ruffian (Draconian Transmuter)       Turns: 1084, Time: 00:00:56

Health: -3/23      AC:  4    Str: 12    XL:     2   Next: 58%
Magic:  5/5        EV: 12    Int: 13    God:
Gold:   34         SH:  0    Dex: 11    Spells: 2/5 levels left

rFire    . . .     SeeInvis .     - Unarmed
rCold    . . .     Faith    .   (no shield)
rNeg     . . .     Spirit   .   (armour unavailable)
rPois    .         Reflect  .   (helmet currently unavailable)
rElec    .         Harm     .   (no cloak)
rCorr    .         Rampage  .   (no gloves)
Will     .....                  (boots currently unavailable)
Stlth    +.........             (no amulet)
HPRegen  0.07/turn              (no ring)
MPRegen  0.09/turn              (no ring)

@: lethally poisoned (-3 -> -10), appendages (expiring)
A: horns 2, talons 2, AC +4, unfitting armour, cold-blooded
a: End Transformation


You were on level 2 of the Dungeon.
You had temporarily grown beastly horns and talons.
You visited 1 branch of the dungeon, and saw 2 of its levels.

You collected 34 gold pieces.

Inventory:

Jewellery
 a - an amulet of faith
Scrolls
 b - a scroll of blinking {unknown}
 c - a scroll of enchant armour {unknown}
 d - a scroll of identify {unknown}
 e - a scroll of magic mapping {unknown}


   Skills:
 - Level 1.1 Fighting
 - Level 2.0 Dodging
 + Level 3.5 Unarmed Combat
 - Level 2.0 Spellcasting
 + Level 2.3 Transmutations


You had 2 spell levels left.
You knew the following spells:

 Your Spells              Type           Power      Damage    Failure   Level
a - Beastly Appendage     Tmut           14%        N/A       10%         1
b - Wereblood             Tmut           7%         N/A       14%         2

Your spell library contained the following spells:

 Spells                   Type           Power      Damage    Failure   Level
 Spider Form              Tmut/Pois      2%         N/A       43%         3
 Ice Form                 Ice/Tmut       4%         N/A       83%         4
 Hydra Form               Tmut           3%         N/A       95%         5


Dungeon Overview and Level Annotations

Branches:
Dungeon (2/15)

Altars:


Innate Abilities, Weirdness & Mutations

You have temporarily grown beastly horns and talons.
Your plain brown scales are hard. (AC +4)
You cannot fit into any form of body armour.
You are cold-blooded and may be slowed by cold attacks.


Message History

The ball python loses its grip on you.
You hit the ball python. You claw the ball python.
You kill the ball python!
The goblin closely misses you.
You hit the goblin. Your kick misses the goblin.
The goblin is severely wounded.
The adder bites you but does no damage.
You miss the goblin.
The goblin is severely wounded.
The goblin hits you but does no damage.
You are poisoned.
The giant cockroach bites you but does no damage.
The adder bites you.
You are more poisoned.
The adder poisons you!
You barely miss the goblin.
The goblin is severely wounded.
Your transformation is almost over.
You feel very sick. The goblin misses you. The adder bites you.
You are more poisoned.
The adder poisons you! The giant cockroach barely misses you.
You feel very sick.
There is an open door here.
You miss the adder.
You feel very sick. The adder bites you.
* * * LOW HITPOINT WARNING * * *
The adder bites you but does no damage.
You hit the adder.
The adder is moderately wounded.
* * * LOW HITPOINT WARNING * * *
You feel sick. The adder closely misses you.
You closely miss the adder.
You headbutt the adder, but do no damage.
Your tail-slap misses the adder.
The adder is moderately wounded.
* * * LOW HITPOINT WARNING * * *
You feel sick. The adder bites you.
You die...

#. .#### ....
#... ####
#...##.<#
#...#...#
#..#...#@.##
#...BS###
.......g.......
.....⌠......##.
...............
###.....#######
+#...#+ #...
#...


You could see an adder, a giant cockroach and a goblin.

Vanquished Creatures
  2 ball pythons
  3 endoplasms (D:1)
  A giant cockroach (D:1)
  A hobgoblin (D:1)
  2 jackals (D:1)
  2 quokkas (D:1)
  2 frilled lizards (D:1)
  A kobold (D:1)
  4 rats (D:1)
18 creatures vanquished.

Notes
Turn   | Place    | Note
-------+----------+-------------------------------------------
     0 | D:1      | DogServant the Draconian Transmuter began the quest for the
                  | Orb.
     0 | D:1      | Reached XP level 1. HP: 16/16 MP: 3/3
   138 | D:1      | Reached XP level 2. HP: 23/23 MP: 1/5
   212 | D:1      | Learned a level 2 spell: Wereblood
  1084 | D:2      | Slain by an adder

Illustrated notes

Levels and vault maps discovered:
D:1:      minmay_arrival_up_and_down, layout_basic, grunt_decor_fettered
D:2:      minmay_angry_zag, layout_loops_ring, chequers_hall_statues_y,
          grunt_ministairs_6, uniq_jessica

Skill      XL: |  1  2 |
---------------+-------+-----
Dodging        | 2 |  2.0
Fighting       | |  1.1
Unarmed Combat | |  3.5
Spellcasting   | |  2.0
Transmutations | |  2.3

Action                   || total
-------------------------++-------
Melee: Unarmed           ||    44
       Headbutt          ||     5
       Tailslap          ||     1
       Punch             ||     1
       Kick              ||     6
 Cast: Beastly Appendage ||    11
Armor: Skin              ||    11
Dodge: Dodged            ||    24

Table legend: (Time is in decaauts)
 A = Elapsed time spent in this place.
 B = Non-inter-level travel time spent in this place.
 C = Inter-level travel time spent in this place.
 D = Time resting spent in this place.
 E = Time spent auto-exploring this place.
 F = Levels seen in this place.
 G = Mean time per level.
                   A        B        C        D        E       F      G
               +--------+--------+--------+--------+--------+-----+--------+
         Total |   1083 |   1032 |     51 |      0 |    925 |   2 |  541.5 |
       Dungeon |   1083 |   1032 |     51 |      0 |    925 |   2 |  541.5 |
               +--------+--------+--------+--------+--------+-----+--------+

Top non-repeatable levels by time:
     D:1: 1070 daAuts
     D:2: 13 daAuts
